 Dungeon Crawl Stone Soup version 0.25-a0-571-gb5e01bddfa (console) character file.

Game seed: 12691010373816966560, levelgen mode: deterministic

5129 Kagalorn the Grappler (level 10, -5/61 HPs)
             Began as a Minotaur Fighter on Feb 29, 2020.
             Was a Priest of Cheibriados.
             Slain by a deep troll (shapeshifter) (11 damage)
             ... on level 1 of the Abyss.
             The game lasted 00:24:19 (5916 turns).

Kagalorn the Grappler (Minotaur Fighter)            Turns: 5916, Time: 00:24:20

Health: -5/61      AC:  9    Str: 27    XL:     10   Next: 33%
Magic:  14/14      EV: 10    Int: 11    God:    Cheibriados [***...]
Gold:   334        SH: 16    Dex: 18    Spells: 9/9 levels left

rFire    . . .     SeeInvis .     - Unarmed
rCold    . . .     Gourm    .   b - +1 kite shield
rNeg     + . .     Faith    .   B - +0 plate armour
rPois    .         Spirit   .   (helmet restricted)
rElec    .         Reflect  +   (no cloak)
rCorr    .         Harm     .   I - +0 pair of gloves
MR       .....     Rnd*Rage +   (no boots)
Stlth    ..........             h - +3 amulet of reflection
HPRegen  0.00/turn              q - ring of positive energy
MPRegen  0.14/turn              s - +5 ring of dexterity

@: about to teleport, very slow
A: retaliatory headbutt, horns 2, [berserk 2], [blurry vision 3], [clumsy 2],
[deformed body], [deterioration 2], [dopey 2], [frail 3], [screaming 2],
[inhibited regeneration], [weak 2], [subdued magic 2]
a: Bend Time, Temporal Distortion, Renounce Religion


You were on level 1 of the Abyss.
You worshipped Cheibriados.
Cheibriados was most pleased with you.
You were not hungry.

You visited 2 branches of the dungeon, and saw 8 of its levels.
You visited the Abyss 1 time.

You collected 334 gold pieces.

Inventory:

Missiles
 f - 117 stones
 m - 146 arrows
 r - 25 bolts
 t - 54 sling bullets
 v - 41 poisoned darts
 C - 2 curare-tipped darts (quivered)
Armour
 b - a +1 kite shield (worn)
 B - a +0 plate armour (worn)
 I - a +0 pair of gloves (worn)
Magical Staves
 G - an uncursed staff of poison
Jewellery
 h - a +3 amulet of reflection (around neck)
 q - a ring of positive energy (left hand)
 s - a +5 ring of dexterity (right hand)
Wands
 y - a wand of polymorph (9)
Scrolls
 a - a scroll of fog {unknown}
 i - 3 scrolls of enchant armour
 j - 6 scrolls of remove curse
 l - a scroll of amnesia {unknown}
 o - a scroll of random uselessness {unknown}
 p - a scroll of noise {unknown}
 x - 2 scrolls of teleportation
 A - a scroll of immolation {unknown}
 D - 2 scrolls of magic mapping {unknown}
 F - a scroll of fear {unknown}
Potions
 c - a potion of stabbing {unknown}
 e - 5 potions of curing
 g - a potion of magic {unknown}
 k - a potion of brilliance {unknown}
 n - a potion of ambrosia
 u - a potion of invisibility {unknown}
 w - a potion of flight
 z - 3 potions of heal wounds
 E - a potion of haste {unknown}
 H - 2 potions of berserk rage {unknown}
Comestibles
 d - 6 rations
 J - a chunk of flesh


   Skills:
 + Level 7.7 Fighting
 + Level 7.6 Armour
 + Level 5.9 Dodging
 + Level 7.5 Shields
 * Level 9.2 Unarmed Combat
 * Level 6.6 Invocations


You had 9 spell levels left.
You didn't know any spells.
Your spell library contained the following spells:

 Spells                   Type           Power        Failure   Level  Hunger
 Ice Form                 Ice/Tmut       #.......     100%        4    #####..
 Metabolic Englaciation   Hex/Ice        #.........   100%        5    ######.
 Freezing Cloud           Conj/Ice/Air   #.........   100%        6    #######
 Ozocubu's Refrigeration  Ice            #.........   100%        6    #######
 Simulacrum               Ice/Necr       #.........   100%        6    #######


Dungeon Overview and Level Annotations

Branches:
Dungeon (7/15)             Temple (1/1) D:4

Altars:
Ashenzari
Cheibriados
Dithmenos
Fedhas
Gozag
Nemelex Xobeh
Sif Muna
Trog
Uskayaw
Vehumet
Wu Jian
Zin

Annotations:
D:5 2 transporters, exclusion: statue


Innate Abilities, Weirdness & Mutations

You reflexively headbutt those who attack you in melee.
You have a pair of horns on your head.
[You often lose your temper in combat.]
[Scrolls take you much longer to read.]
[You are very clumsy. (Dex -4)]
[Armour fits poorly on your strangely shaped body.]
[Your body often deteriorates upon taking damage.]
[You are very dopey. (Int -4)]
[You are extremely frail. (-30% HP)]
[You sometimes yell uncontrollably at your foes.]
[You do not regenerate when monsters are visible.]
[You are very weak. (Str -4)]
[Your spells are easier to cast, but less powerful.]


Message History

Cheibriados appreciates the change of pace.
Your Unarmed Combat skill increases to level 9!
H - 2 bubbling purple potions (gained 1)
A deep troll comes into view.
The deep troll shouts!
Really read with blurry vision while enemies are nearby?
You begin reading the scroll.
You continue reading the scroll. x2
As you read the scroll labeled UNEAPO XELEO, it crumbles to dust.
You feel strangely unstable.
You feel the power of the Abyss delaying your translocation!
It was a scroll of teleportation.
The deep troll bites you. The deep troll barely misses you.
You block the deep troll's attack. The deep troll bites you!
* * * LOW HITPOINT WARNING * * *
You block the deep troll's attack. x2
You feel your health improve.
The deep troll bites you but does no damage.
The deep troll claws you!
You die...

#.# . ###..##.# .
#..####...#.#.#.#.#
..#.....#.....#....
..................#
..................
....................#
# #.... #@....#.....
.# ##...###T..###...
.#.....#.....#...## #
.................. ..
..................#.#
........>...........#
..#.....#.....#....##
. ##...###...###..#
#.... #.....#....##


You could see a deep troll.

Vanquished Creatures
  Harold (D:7)
  A two-headed ogre (D:5)
  A wretched star (Abyss:1)
  An ancient zyme (Abyss:1)
  A hippogriff (D:6)
  Sigmund (D:3)
  A wyvern (D:3)
  Duvessa (D:6)
  An ice beast (D:7)
  5 ogres
  2 phantoms (D:5)
  A big kobold (D:6)
  A bullfrog (D:7)
  3 small abominations (Abyss:1)
  Dowan (D:6)
  A scorpion (D:5)
  5 howler monkeys
  2 crimson imps
  A centaur zombie (D:5)
  2 hounds
  3 orc priests
  A jelly (D:7)
  4 orc wizards
  A bullfrog skeleton (D:5)
  A centaur skeleton (D:5)
  3 iguanas
  6 worker ants
  2 hound skeletons
  8 adders
  4 gnolls
  2 shadow imps
  An ooze (D:1)
  An adder skeleton (D:4)
  A dart slug (D:3)
  5 leopard geckos
  20 orcs
  3 ball pythons
  5 bats
  3 giant cockroaches
  8 goblins
  6 hobgoblins
  11 jackals
  3 quokkas
  6 frilled lizards
  A jackal zombie (D:6)
  12 kobolds
  A leopard gecko skeleton (D:4)
  12 rats
167 creatures vanquished.

Vanquished Creatures (others)
  A centaur (D:7)
  A kobold (D:7)
2 creatures vanquished.

Grand Total: 169 creatures vanquished

Notes
Turn   | Place    | Note
-------+----------+-------------------------------------------
     0 | D:1      | Kagalorn the Minotaur Fighter began the quest for the Orb.
     0 | D:1      | Reached XP level 1. HP: 19/19 MP: 0/0
   353 | D:1      | Reached XP level 2. HP: 25/27 MP: 1/1
   601 | D:1      | Reached skill level 1 in Dodging
   601 | D:1      | Reached XP level 3. HP: 24/33 MP: 2/2
   650 | D:1      | Reached skill level 3 in Unarmed Combat
  1496 | D:3      | Reached XP level 4. HP: 20/40 MP: 3/3
  1779 | D:3      | Noticed Sigmund
  1806 | D:3      | Reached XP level 5. HP: 46/46 MP: 4/4
  2461 | D:3      | Noticed a wyvern
  2466 | D:3      | Killed a wyvern
  2466 | D:3      | Reached skill level 4 in Unarmed Combat
  2466 | D:3      | Reached XP level 6. HP: 42/53 MP: 5/5
  2539 | D:3      | Found a blossoming altar of Fedhas.
  2722 | D:3      | Killed Sigmund
  2722 | D:3      | Reached skill level 5 in Fighting
  2722 | D:3      | Reached skill level 5 in Armour
  2722 | D:3      | Reached skill level 5 in Unarmed Combat
  2934 | D:4      | Reached skill level 5 in Shields
  2968 | D:4      | Found a staircase to the Ecumenical Temple.
  2978 | Temple   | Entered the Ecumenical Temple
  3116 | Temple   | Became a worshipper of Cheibriados the Contemplative
  3138 | D:4      | Reached XP level 7. HP: 50/61 MP: 6/6
  3321 | D:4      | Reached skill level 1 in Invocations
  3674 | D:5      | Entered Level 5 of the Dungeon
  3680 | D:5      | Noticed a two-headed ogre
  3699 | D:5      | Killed a two-headed ogre
  3699 | D:5      | Reached skill level 6 in Unarmed Combat
  3699 | D:5      | Reached XP level 8. HP: 7/70 MP: 6/9
  4210 | D:5      | Reached * piety under Cheibriados
  4220 | D:5      | Found a shattered altar of Ashenzari.
  4247 | D:5      | Found a hide-covered altar of Uskayaw.
  4330 | D:5      | Reached skill level 7 in Unarmed Combat
  4397 | D:5      | Found a transporter.
  4460 | D:5      | Reached XP level 9. HP: 78/78 MP: 11/11
  4466 | D:5      | Found a transporter.
  4776 | D:5      | Found a radiant altar of Vehumet.
  4793 | D:5      | Reached ** piety under Cheibriados
  4956 | D:6      | Noticed Duvessa
  4957 | D:6      | Noticed Dowan
  4973 | D:6      | Killed Dowan
  4983 | D:6      | Killed Duvessa
  5027 | D:6      | Reached skill level 5 in Invocations
  5451 | D:7      | Reached skill level 5 in Dodging
  5451 | D:7      | Reached skill level 8 in Unarmed Combat
  5548 | D:7      | Found a shadowy altar of Dithmenos.
  5588 | D:7      | Reached *** piety under Cheibriados
  5742 | D:7      | Noticed Harold
  5762 | D:7      | Killed Harold
  5762 | D:7      | Reached XP level 10. HP: 82/86 MP: 13/13
  5830 | D:7      | Cast into level 1 of the Abyss (kobold)
  5830 | Abyss:1  | Found a corrupted altar of Lugonu.
  5868 | Abyss:1  | Noticed a wretched star
  5904 | Abyss:1  | Killed a wretched star
  5904 | Abyss:1  | Reached skill level 9 in Unarmed Combat
  5909 | Abyss:1  | Noticed a deep troll
  5916 | Abyss:1  | Slain by a deep troll (shapeshifter)

Levels and vault maps discovered:
D:1:      lightli_arrival_chessboard, layout_loops_corners,
          minmay_misc_feat_columns
D:2:      layout_loops_ring, mrwooster_statue_mirror
D:3:      layout_loops_ring, fedhas_altar_2, uniq_sigmund
D:4:      layout_loops_ring, minmay_temple_entry_wispy
D:5:      gammafunk_cloud_chamber, layout_basic, vehumet_statue,
          evilmike_ruin_ashenzari, basic_altar, first_ration
D:6:      layout_rooms, minmay_chambers_of_fives, uniq_duvessa
D:7:      layout_rooms, lemuel_coloured_pillars_altar,
          nicolae_ru_the_path_less_chosen, uniq_harold
Temple:   nicolae_temple_figure_zero
Abyss:1:  base:
D:14

Skill      XL: |  1  2  3  4  5  6  7  8  9 10 |
---------------+-------------------------------+-----
Fighting       | 4 5 6 7 |  7.7
Dodging        | 1 2 3 4 5 |  5.9
Shields        | 4 5 6 7 |  7.5
Armour         | 4 5 6 7 |  7.6
Unarmed Combat | 3 4 5 6 7 8 9 |  9.2
Invocations    | 3 4 6 |  6.6

Action                   |  1- 3 |  4- 6 |  7- 9 | 10-12 || total
-------------------------+-------+-------+-------+-------++-------
Melee: Unarmed           |   152 |    93 |   255 |    30 ||   530
       Headbutt          |    20 |    13 |    75 |    10 ||   118
Throw: Dart              |       |    13 |    14 |       ||    27
  Use: Scroll            |       |     5 |     3 |     1 ||     9
       Potion            |       |     1 |       |       ||     1
  Eat: Chunk             |     2 |     4 |     4 |     1 ||    11
       Ration            |       |       |     1 |       ||     1
Armor: Scale mail        |    37 |    33 |     4 |       ||    74
       Plate armour      |       |       |    60 |    10 ||    70
Dodge: Dodged            |    22 |    44 |    42 |    12 ||   120
Block: Kite shield       |    62 |    69 |   135 |    21 ||   287
       Reflection        |       |       |    10 |     3 ||    13

Table legend:
 A = Non-vault XP
 B = Vault XP
 C = Vault XP percentage of total XP
 D = Non-vault monster count
 E = Vault monster count
 F = Vault count percentage of total count
                 A         B        C        D         E       F
            +---------+---------+-------+---------+---------+-------
      Total |    5780 |    1548 |  21.1 |     160 |       8 |   4.8
            +---------+---------+-------+---------+---------+-------
        D:1 |      64 |       0 |   0.0 |      28 |       0 |   0.0
        D:2 |      31 |       0 |   0.0 |      21 |       0 |   0.0
        D:3 |     345 |     220 |  38.9 |      29 |       1 |   3.3
        D:4 |     252 |       0 |   0.0 |      14 |       0 |   0.0
        D:5 |    2114 |       0 |   0.0 |      35 |       0 |   0.0
        D:6 |     611 |     368 |  37.6 |      10 |       6 |  37.5
        D:7 |     753 |     960 |  56.0 |      18 |       1 |   5.3
    Abyss:1 |    1610 |       0 |   0.0 |       5 |       0 |   0.0
            +---------+---------+-------+---------+---------+-------
